Map: Terrasses de Prion

Players

Kinder

  • Race: Terran Terran
  • League: Master

zuka - Winner!

  • Race: Protoss Protoss
  • League: Master

VOD

Have the link to the VOD?

Description

Time

  • Played on: April 29, 2016, 2:32 p.m.
  • Length: 3:16
Show
View Real Time Build Order
Export as new Build Order

Kinder Terran 

Build Orders:  

Get SALT Encoding   

  12  0:01  SCV  
  13  0:13  SCV  
  14  0:19  Supply Depot  
  14  0:25  SCV  
  15  0:36  Refinery  
  15  0:41  SCV  
  16  0:50  Barracks  
  16  0:56  SCV  
  17  1:07  Refinery  
  17  1:08  SCV  
  18  1:20  SCV  
  19  1:33  SCV  
  19  1:37  Reaper  
  21  1:42  Ghost Academy  
  21  1:45  Orbital Command  
  21  2:10  Barracks Tech Lab  
  21  2:13  SCV  
  21  2:31  SCV  
  21  2:32  Barracks Tech Lab  
  21  2:34  Factory  
  23  2:49  Command Center  
  23  2:50  Supply Depot, SCV  
  23  2:58  Barracks Reactor  
Show
View Real Time Build Order
Export as new Build Order

zuka Protoss - Winner!

Build Orders:  

Get SALT Encoding   

  12  0:02  Probe (Chrono Boost)  
  13  0:12  Probe (Chrono Boost)  
  14  0:18  Pylon  
  14  0:23  Probe (Chrono Boost)  
  15  0:36  Probe (Chrono Boost)  
  15  0:37  Gateway  
  16  0:46  Probe (Chrono Boost)  
  17  0:51  Assimilator  
  18  0:57  Probe (Chrono Boost)  
  18  1:07  Probe (Chrono Boost)  
  19  1:25  Cybernetics Core, Probe (Chrono Boost)  
  20  1:30  Zealot (Chrono Boost)  
  22  1:32  Pylon  
  22  1:35  Probe (Chrono Boost)  
  23  1:49  Assimilator  
  23  1:50  Probe  
  24  2:02  Stalker (Chrono Boost)  
  24  2:03  Probe  
  27  2:09  Pylon  
  27  2:17  Forge  
  27  2:24  Robotics Facility  
  27  2:25  Probe  
  27  2:37  Probe  
  27  2:41  Stalker  
  30  2:49  Probe  
  30  2:50  Gateway  
  31  3:08  Photon Cannon  
Tags
 
Add a new tag
Caveats
  • Supply blocks, unpowered buildings, or Contaminate may cause inaccurate times.
  • Supply counts are checked every 10 seconds.